Cogmind - Beta 12 @@@ ROGUE MODE // 2023.05.10 @ 22:42:25 Player: Mr Goldstein Result: Destroyed self via exploding Z-Power Performance ------------- Evolutions (3) 1500 Regions Visited (8) 1600 Robots Destroyed (6) 30 Value Destroyed (100) 100 Prototype IDs (0) 0 Alien Tech Used (0) 0 Bonus (834) 834 TOTAL SCORE: 4064 Bonus ------- Pacifist 834 Cogmind --------- Core Integrity 0/700 Matter 295/300 Energy 80/100 System Corruption 0% Temperature Cool (0) Movement Core (50) Location -7/Deep Caves Parts ------- > --- POWER (2) -------- (None) > --- PROPULSION (2) --- Advanced Treads Gravmag System > --- UTILITY (7) ------ (None) > --- WEAPON (2) ------- Heavy Flail > --- INVENTORY (5) ---- Gravmag System Large Storage Unit Medium Armor Plating Peak State ------------ > --- POWER ------------ (None) > --- PROPULSION ------- Xenon Bombardment Thruster Xenon Bombardment Thruster > --- UTILITY ---------- Reaction Control System Medium Armor Plating Improved Light Armor Plating > --- WEAPON ----------- Heavy Flail > --- INVENTORY -------- Gravmag System Gravmag System Large Storage Unit Grenade Launcher [Rating: 20] Favorites ----------- Power Makeshift Power Source Engine Makeshift Power Source Propulsion Gravmag System Treads Light Treads Hover Unit Gravmag System Flight Unit Xenon Bombardment Thruster Utility Improved Light Armor Plating Device Reaction Control System Protection Improved Light Armor Plating Weapon Heavy Flail Energy Gun Medium Laser Ballistic Gun Assault Rifle Launcher Grenade Launcher Impact Weapon Heavy Flail Build | -11 -10 -9 -8 -7 -7 -7 -7 -7 ------- Run | Jun Mat Mat Mat Fac Low Low Zio Dee Slots Evolved 6 | . . 2 2 2 . . . . Power 1 | . . . . 1 . . . . Propulsion . | . . . . . . . . . Utility 5 | . . 2 2 1 . . . . Weapon . | . . . . . . . . . Parts Attached 24 | 5 . . 2 6 4 2 3 2 Power 1 | . . . . . . . 1 . Engine 1 | . . . . . . . 1 . Core . | . . . . . . . . . Reactor . | . . . . . . . . . Propulsion 10 | 2 . . 2 2 1 2 . 1 Treads 5 | 2 . . 2 . . . . 1 Leg . | . . . . . . . . . Wheel . | . . . . . . . . . Hover 2 | . . . . . . 2 . . Flight 3 | . . . . 2 1 . . . Utility 5 | . . . . 3 1 . 1 . Device 1 | . . . . 1 . . . . Storage . | . . . . . . . . . Processor . | . . . . . . . . . Hackware . | . . . . . . . . . Protection 4 | . . . . 2 1 . 1 . Artifact . | . . . . . . . . . Weapon 8 | 3 . . . 1 2 . 1 1 Energy Gun 1 | 1 . . . . . . . . Energy Cannon . | . . . . . . . . . Ballistic Gun 2 | 2 . . . . . . . . Ballistic Cannon . | . . . . . . . . . Launcher 1 | . . . . . 1 . . . Special Weapon . | . . . . . . . . . Impact Weapon 4 | . . . . 1 1 . 1 1 Slashing Weapon . | . . . . . . . . . Piercing Weapon . | . . . . . . . . . Special Melee Weapon . | . . . . . . . . . Unidentified Prototypes . | . . . . . . . . . Parts Lost 8 | . . . 1 . 5 1 . 1 Power . | . . . . . . . . . Propulsion 3 | . . . . . 2 1 . . Utility 3 | . . . . . 2 . . 1 Weapon 2 | . . . 1 . 1 . . . Highest Loss Streak 3 | . . . 1 . 3 1 . 1 To Critical Strikes . | . . . . . . . . . Average Slot Usage (%) 25 | . 42 33 21 26 25 7 21 29 Treads 4 | . 28 22 18 2 . . . . Hover 7 | . . . . . . 4 15 13 Flight 2 | . . . . 10 12 3 . . Protection 4 | . . . . 4 10 . 4 7 Ballistic Gun 1 | . 14 11 3 . . . . . Impact Weapon 1 | . . . . 3 . . . 6 Naked Turns 20 | . . . . 1 . 19 . . Heaviest Build 11 | 4 2 2 2 11 11 . 6 6 Greatest Support 46 | 20 3 3 46 46 12 4 18 18 Greatest Overweight (x) 1 | 1 . . . . 1 . 1 1 Average Overweight (x) . | . . . . . . . . . Largest Inventory Capacity 5 | 5 5 5 5 5 5 5 5 5 Average Capacity 5 | 5 5 5 5 5 5 5 5 5 Most Carried 5 | . 5 5 5 5 5 5 4 4 Average Carried 3 | . 3 4 3 4 4 4 3 3 Final Capacity 5 | 5 5 5 5 5 5 5 5 5 Final Carried 5 | . 5 5 3 5 5 3 3 3 Class Distribution -------------------- 100% | Mutant Dominant Class ---------------- Mutant | -10/Materials Mutant | -9/Materials Mutant | -8/Materials Mutant | -7/Factory Mutant | -7/Lower Caves Mutant | -7/Lower Caves Mutant | -7/Zion Mutant | -7/Deep Caves Resources | -11 -10 -9 -8 -7 -7 -7 -7 -7 ----------- Run | Jun Mat Mat Mat Fac Low Low Zio Dee Matter Collected 408 | 226 . . . 68 45 . 49 20 Remotely . | . . . . . . . . . Salvage Created 132 | . . . . 88 44 . . . Parts 6 | . . . . . 6 . . . Haulers Intercepted 1 | . . . . 1 . . . . Recyclers Shooed . | . . . . . . . . . Parts Field Recycled . | . . . . . . . . . Retrieved Matter . | . . . . . . . . . Parts Self-Destructed 6 | . . . . . 6 . . . Prevented 1 | . . . . . 1 . . . Kills | -11 -10 -9 -8 -7 -7 -7 -7 -7 ------- Run | Jun Mat Mat Mat Fac Low Low Zio Dee Combat Hostiles Destroyed 3 | . . . . . 3 . . . AOE 3 | . . . . . 3 . . . Classes Destroyed 4 | . . . . 3 1 . . . Worker 1 | . . . . 1 . . . . Hauler 1 | . . . . 1 . . . . Operator 1 | . . . . 1 . . . . Swarmer 3 | . . . . . 3 . . . Best Kill Streak 3 | . . . . 3 3 . . . Combat Bots Only 3 | . . . . . 3 . . . Max Kills in Single Turn 3 | . . . . 1 3 . . . Gunslinging . | . . . . . . . . . Exploded 3 | . . . . . 3 . . . Melee . | . . . . . . . . . Uniques/NPCs Destroyed . | . . . . . . . . . Combat | -11 -10 -9 -8 -7 -7 -7 -7 -7 -------- Run | Jun Mat Mat Mat Fac Low Low Zio Dee Damage Taken 2314 | . 85 189 155 . 1044 97 . 744 Core 897 | . . 51 31 . 414 96 . 305 Absorbed by Shields . | . . . . . . . . . Core Remaining (%) 95 | 100 100 87 94 . . . . . Volleys Fired 1 | . . . . . 1 . . . Largest 1 | . . . . . 1 . . . Hottest 30 | . . . . . 30 . . . Shots Fired 1 | . . . . . 1 . . . Gun . | . . . . . . . . . Cannon . | . . . . . . . . . Launcher 1 | . . . . . 1 . . . Special . | . . . . . . . . . Kinetic . | . . . . . . . . . Thermal . | . . . . . . . . . Explosive 1 | . . . . . 1 . . . Electromagnetic . | . . . . . . . . . Robot Hit Streak . | . . . . . . . . . Robot Miss Streak . | . . . . . . . . . Penetration Max . | . . . . . . . . . Secondary Targets . | . . . . . . . . . Shots Hit Robots 3 | . . . . 3 . . . . Core Hits 4 | . . . . . 4 . . . Critical Kills . | . . . . . . . . . Critical Parts Destroyed . | . . . . . . . . . Critical Strikes . | . . . . . . . . . Melee Attacks 18 | . . . . 4 5 . 8 1 Impact 18 | . . . . 4 5 . 8 1 Slashing . | . . . . . . . . . Piercing . | . . . . . . . . . Sneak Attacks 3 | . . . . 3 . . . . Combat Hostiles . | . . . . . . . . . Follow-up Attacks . | . . . . . . . . . Damage Inflicted 465 | . 10 13 20 284 138 . . . Guns . | . . . . . . . . . Cannons . | . . . . . . . . . Explosions 138 | . . . . . 138 . . . Melee 284 | . . . . 284 . . . . Ramming 43 | . 10 13 20 . . . . . Kinetic . | . . . . . . . . . Thermal . | . . . . . . . . . Explosive 138 | . . . . . 138 . . . Electromagnetic . | . . . . . . . . . Impact 284 | . . . . 284 . . . . Slashing . | . . . . . . . . . Piercing . | . . . . . . . . . Highest Corruption 5 | . . . . . 5 5 5 . Average Corruption 5 | . . . . . 5 5 5 . Corruption Purged . | . . . . . . . . . Corruption Blocked . | . . . . . . . . . Effects 7 | . . . . . 2 4 1 . Message Errors 2 | . . . . . . 2 . . Matter Fused 1 | . . . . . . . 1 . Heat Flow Errors 1 | . . . . . 1 . . . Energy Discharges 1 | . . . . . . 1 . . Data Loss (major) 1 | . . . . . 1 . . . Alerts 1 | . . . . . . 1 . . Overload Shots . | . . . . . . . . . Overflow Damage 212 | . . . . 212 . . . . Projectiles . | . . . . . . . . . Explosions . | . . . . . . . . . Melee 212 | . . . . 212 . . . . Knockbacks . | . . . . . . . . . Impact . | . . . . . . . . . Kinetic . | . . . . . . . . . Secondary . | . . . . . . . . . Self-Inflicted Damage 509 | . 5 5 9 . . . . 490 Shots 1 | . . . . . . . . 1 Rammed 16 | . 2 7 7 . . . . . Targets Rammed 16 | . 2 7 7 . . . . . Kicked . | . . . . . . . . . Crushed . | . . . . . . . . . Highest Temperature 203 | . . . 5 . 203 . . . Average Temperature 83 | . . . 5 . 90 . . . Received Heat Transfer 372 | . 42 78 81 . 99 9 . 63 Siege Activations . | . . . . . . . . . Robots Corrupted . | . . . . . . . . . Combat Hostiles . | . . . . . . . . . Parts Fried 7 | . . . . 7 . . . . Impact Corruptions 4 | . . . . 4 . . . . Robots Melted . | . . . . . . . . . Combat Hostiles . | . . . . . . . . . Parts Melted . | . . . . . . . . . Heat Transferred . | . . . . . . . . . Parts Sabotaged . | . . . . . . . . . Parts Stolen . | . . . . . . . . . Parts Stripped . | . . . . . . . . . Power Chain Reactions . | . . . . . . . . . Missiles Intercepted . | . . . . . . . . . Alert | -11 -10 -9 -8 -7 -7 -7 -7 -7 ------- Run | Jun Mat Mat Mat Fac Low Low Zio Dee Peak Influence 68 | . . 45 68 63 . . . . Initial 30 | . . . 18 30 . . . . Average 23 | . . 16 40 41 . . . . Maximum Alert Level . | . . . . . . . . . Low Security (%) 100 | 100 100 100 100 100 . . . . Level 1 . | . . . . . . . . . Level 2 . | . . . . . . . . . Level 3 . | . . . . . . . . . Level 4 . | . . . . . . . . . Level 5 . | . . . . . . . . . High Security . | . . . . . . . . . Max Security . | . . . . . . . . . Squads Dispatched 3 | . 1 . 1 1 . . . . Investigation 1 | . 1 . . . . . . . Extermination . | . . . . . . . . . Reinforcement 2 | . . . 1 1 . . . . Assault . | . . . . . . . . . Garrison . | . . . . . . . . . Intercept . | . . . . . . . . . Searches Triggered . | . . . . . . . . . Construction Impeded . | . . . . . . . . . Haulers Reinforced . | . . . . . . . . . Active Scanning Responses . | . . . . . . . . . Cargo Convoy Interrupts . | . . . . . . . . . Stealth | -11 -10 -9 -8 -7 -7 -7 -7 -7 --------- Run | Jun Mat Mat Mat Fac Low Low Zio Dee Distress Signals . | . . . . . . . . . Communications Jammed . | . . . . . . . . . Distress Signals . | . . . . . . . . . Times Spotted 60 | . 4 5 9 1 30 5 . 6 Peak Tracking Total 16 | . 4 4 8 1 16 6 . 4 Tactical Retreats 9 | . . . . . 7 2 . . Traps | -11 -10 -9 -8 -7 -7 -7 -7 -7 ------- Run | Jun Mat Mat Mat Fac Low Low Zio Dee Traps Triggered 1 | . 1 . . . . . . . Indirectly . | . . . . . . . . . Trap Hack Attempts . | . . . . . . . . . Triggered . | . . . . . . . . . Disarmed . | . . . . . . . . . Reprogrammed . | . . . . . . . . . Reused . | . . . . . . . . . Traps Extracted . | . . . . . . . . . Installed . | . . . . . . . . . Triggered 1 | . . . . . 1 . . . Machines | -11 -10 -9 -8 -7 -7 -7 -7 -7 ---------- Run | Jun Mat Mat Mat Fac Low Low Zio Dee Machines Disabled 2 | . . . . . . . . 2 Max in Single Turn 1 | . . . . . . . . 1 Machines Repaired . | . . . . . . . . . Machines Sabotaged . | . . . . . . . . . Overloaded Fab Kills . | . . . . . . . . . Hacking | -11 -10 -9 -8 -7 -7 -7 -7 -7 --------- Run | Jun Mat Mat Mat Fac Low Low Zio Dee Machines Accessed 1 | . . . . 1 . . . . Terminals 1 | . . . . 1 . . . . Fabricators . | . . . . . . . . . Repair Stations . | . . . . . . . . . Recycling Units . | . . . . . . . . . Scanalyzers . | . . . . . . . . . Garrison Access . | . . . . . . . . . Total Hacks 1 | . . . . 1 . . . . Successful 1 | . . . . 1 . . . . Failed . | . . . . . . . . . Catastrophic . | . . . . . . . . . Database Lockouts . | . . . . . . . . . Manual 1 | . . . . 1 . . . . Terminals 1 | . . . . 1 . . . . Fabricators . | . . . . . . . . . Repair Stations . | . . . . . . . . . Recycling Units . | . . . . . . . . . Scanalyzers . | . . . . . . . . . Garrison Access . | . . . . . . . . . Terminal Hacks 1 | . . . . 1 . . . . Branch Access Points 1 | . . . . 1 . . . . Fabricator Hacks . | . . . . . . . . . Repair Station Hacks . | . . . . . . . . . Recycling Unit Hacks . | . . . . . . . . . Scanalyzer . | . . . . . . . . . Garrison Access Hacks . | . . . . . . . . . Unauthorized Hacks . | . . . . . . . . . Terminals . | . . . . . . . . . Fabricators . | . . . . . . . . . Repair Stations . | . . . . . . . . . Recycling Units . | . . . . . . . . . Scanalyzers . | . . . . . . . . . Garrison Access . | . . . . . . . . . Data Cores Recovered . | . . . . . . . . . Used . | . . . . . . . . . Hacking Detections . | . . . . . . . . . Full Trace Events . | . . . . . . . . . Feedback Events . | . . . . . . . . . Feedback Blocked . | . . . . . . . . . Robot Schematics Acquired 3 | . . . . . . . 3 . Robots Built . | . . . . . . . . . Authchips . | . . . . . . . . . Time . | . . . . . . . . . Total Robot Build Rating . | . . . . . . . . . Part Schematics Acquired 15 | . . . . . . . 15 . Parts Built . | . . . . . . . . . Authchips . | . . . . . . . . . Time . | . . . . . . . . . Total Part Build Rating . | . . . . . . . . . Parts Repaired . | . . . . . . . . . Time . | . . . . . . . . . Parts Recycled . | . . . . . . . . . Recycled Matter . | . . . . . . . . . Retrieved Matter . | . . . . . . . . . Retrieved Components . | . . . . . . . . . Parts Scanalyzed . | . . . . . . . . . Part Schematics Acquired . | . . . . . . . . . Parts Damaged . | . . . . . . . . . Bothacking | -11 -10 -9 -8 -7 -7 -7 -7 -7 ------------ Run | Jun Mat Mat Mat Fac Low Low Zio Dee Used RIF Installer . | . . . . . . . . . Robots Hacked . | . . . . . . . . . Non-combat . | . . . . . . . . . Combat . | . . . . . . . . . Robot Hacks Applied . | . . . . . . . . . Relay Couplers Released . | . . . . . . . . . Fabnet Peak Effective % . | . . . . . . . . . Robots Rewired . | . . . . . . . . . Allies Hacked . | . . . . . . . . . Hacks Repelled . | . . . . . . . . . Allies | -11 -10 -9 -8 -7 -7 -7 -7 -7 -------- Run | Jun Mat Mat Mat Fac Low Low Zio Dee Total Allies 5 | . . . . . . . 5 . Largest Group 5 | . . . . . . . 5 5 Highest-Rated Group 138 | . . . . . . . 138 138 Highest-Rated Ally 31 | . . . . . . . 31 31 Total Orders . | . . . . . . . . . Ally Attacks 59 | . . . . . . . . 59 Total Damage 530 | . . . . . . . . 530 Kills 7 | . . . . . . . . 7 Allies Corrupted . | . . . . . . . . . Allies Melted . | . . . . . . . . . Intel | -11 -10 -9 -8 -7 -7 -7 -7 -7 ------- Run | Jun Mat Mat Mat Fac Low Low Zio Dee Robot Analysis Total . | . . . . . . . . . Derelict Logs Recovered 2 | . . . . . 1 . 1 . Drone Launches . | . . . . . . . . . Drone Recoveries . | . . . . . . . . . Exploration | -11 -10 -9 -8 -7 -7 -7 -7 -7 ------------- Run | Jun Mat Mat Mat Fac Low Low Zio Dee Turns Passed 1320 | 58 60 91 71 112 191 71 442 224 Spaces Moved 2221 | 81 106 164 107 185 478 160 747 193 Core 876 | 76 106 164 103 . . 84 220 123 Treads 24 | 5 . . 4 15 . . . . Legs . | . . . . . . . . . Wheels . | . . . . . . . . . Hover 597 | . . . . . . . 527 70 Flight 724 | . . . . 170 478 76 . . Fastest Speed 34 | 50 50 50 50 37 34 35 50 50 Average Speed 50 | 61 50 50 54 47 35 42 54 75 Slowest Speed 160 | 160 50 50 160 160 120 50 100 100 Overloaded Moves . | . . . . . . . . . Propulsion Burnouts . | . . . . . . . . . Robots Hopped 4 | . . . . 3 1 . . . Cave-ins Triggered 1 | . . . . . 1 . . . Exploration Rate (%) 34 | 4 26 30 16 8 75 40 81 28 Regions Visited 8 Branch Regions 4 Pre-discovered Areas . | . . . . . . . . . Known Exits Taken 2 | . . . . 1 1 . . . Unknown Exits Taken 6 | 1 1 1 1 . . 1 1 . Scrap Searched 6 | . . . . . 2 . 4 . Spaces Dug 16 | . . . . 1 12 . 3 . Terrain Destroyed 16 | . . . . 1 12 . 3 . Melee 9 | . . . . 1 5 . 3 . Projectile . | . . . . . . . . . AOE 7 | . . . . . 7 . . . Terrain Rammed . | . . . . . . . . . Walls Destroyed . | . . . . . . . . . Machines Disabled . | . . . . . . . . . Actions | -11 -10 -9 -8 -7 -7 -7 -7 -7 --------- Run | Jun Mat Mat Mat Fac Low Low Zio Dee Total 2382 | 87 112 172 121 198 490 161 769 272 Wait 85 | . . . . . . . 10 75 Move 2207 | 80 106 163 107 178 475 159 746 193 Hop 4 | . . . . 3 1 . . . Pick Up 13 | . 5 1 1 4 1 . 1 . Fast Attach 13 | 5 . . . 4 2 . 2 . Attach 8 | . . . . 2 2 2 1 1 Detach 2 | . . . . . 1 . . 1 Swap 3 | . . . 2 . . . . 1 Drop 14 | 2 . 1 5 3 2 . 1 . Fire 1 | . . . . . 1 . . . Melee 18 | . . . . 4 5 . 8 1 Ram 14 | . 1 7 6 . . . . . Kick . | . . . . . . . . . Crush . | . . . . . . . . . Escape Stasis . | . . . . . . . . . Rewire . | . . . . . . . . . Trap . | . . . . . . . . . Miscellaneous . | . . . . . . . . . Route ------- -11/Junkyard -10/Materials -9/Materials -8/Materials -7/Factory (discovered 2 exits: *Low x2) -7/Lower Caves -7/Lower Caves -7/Zion (discovered 2 exits: [*Dee] / [*Pro]) -7/Deep Caves History --------- Turn | Location | Event 10 | -11/Junkyard | Discovered new exit (range 12) 59 | -11/Junkyard | Entered Materials 111 | -10/Materials | Discovered new exit (range 16) 119 | -10/Materials | Entered another Materials area 119 | -9/Materials | Evolved 2 slots: Utility x2 209 | -9/Materials | Discovered new exit (range 3) 210 | -9/Materials | Entered another Materials area 210 | -8/Materials | Evolved 2 slots: Utility x2 264 | -8/Materials | Discovered new exit (range 14) 281 | -8/Materials | Entered Factory 281 | -7/Factory | Evolved 2 slots: Power x1, Utility x1 368 | -7/Factory | Build established: Mutant 375 | -7/Factory | Identified exit to Lower Caves 393 | -7/Factory | Entered Lower Caves 408 | -7/Lower Caves | Spotted B-75 Beast 421 | -7/Lower Caves | Crushed by falling debris 471 | -7/Lower Caves | Lost 3 parts (1n1u1w) 527 | -7/Lower Caves | Encountered a Warlord checkpoint 568 | -7/Lower Caves | Identified exit to Lower Caves 580 | -7/Lower Caves | Core integrity fell below 50% 584 | -7/Lower Caves | Entered another Lower Caves area 596 | -7/Lower Caves | Spotted B-75 Beast 653 | -7/Lower Caves | Discovered new exit (range 4) 655 | -7/Lower Caves | Entered Zion 685 | -7/Zion | Discovered new exit (range 16) 725 | -7/Zion | System corruption cleaned by Quarantine Array 854 | -7/Zion | Learned Factory emergency access door positions 914 | -7/Zion | Learned location of 2 exits from Factory 1043 | -7/Zion | Gained Derelict followers 1082 | -7/Zion | Discovered new exit (range 4) 1084 | -7/Zion | Saw the warning signs outside the Deep Caves entrance 1097 | -7/Zion | Entered Deep Caves 1097 | -7/Deep Caves | Accompanied by 5 allies 1254 | -7/Deep Caves | Z-Facility disabled 1288 | -7/Deep Caves | Attacked by Z-Imprinter 1303 | -7/Deep Caves | Core integrity fell below 20% 1321 | -7/Deep Caves | Destroyed self via exploding Z-Power Last Messages --------------- 01120_ as-74806 destroyed. 01122_ as-78176 destroyed. 01127_ as-25528 destroyed. 01131_ Acquired 10 matter. 01252_ 79-ZK0(o) destroyed. 01255_ 7N-JED(o) destroyed. 01278_ NEW_ZION: Z-Facility proximity alert. Z-Imprinter: GET AWAY FROM HERE! I've worked too hard for our future just to have you ruin everything! 01301_ Y1-1NE(g) heat spikes uncontrollably. 01301_ Y1-1NE(g) overheating. 01302_ Y1-1NE(g) destroyed. 01302_ AM-PW3(M) destroyed. 01302_ Acquired 10 matter. 01304_ 59-2PJ(g) destroyed. 01305_ 5B-GIL(s) destroyed. 01308_ YY-XBU(g) destroyed. 01321_ Z-Power explodes. 01321_ Imp. Light Armor Plating destroyed. 01321_ Destroyed Imp. Light Armor Plating. Map ----- +----------------------------------------------------+ | ????????????????????????????? | | ????????????????????????????" | | ????????????????????????????" | | ??????????????????????????""" | | ??????????????????????????""" | | ??????????????????????????? | | ??????????????????????????""" | | ????????????????????????""""" | | ??????????????????????""""""" ![ | | ??????????????????????""""""" =%! | | ?????????????????????""" "/" %*% | | ?????????????????????""""%=%! !%!= | | ?????????????????????"""=/== !%= | | ???????????????????""""" % | | ??????????????????"""""""! | | ??????????????????""""""""" ! z | | ?????????????????""""""""""""%= | | ?????????????????""""" z | | ?????????????????""""" | | ????????????????"""""" | | ????????????????"""""" | | ??????????????? """"" | | ??????????????? """" | | ??????????????? """" I | | ???????????????? """" | | ????????????????? """" @ | | ????????????????? """""" """"o | | ??????????????????""""""""" ? | | ?????????????????? ??? | | ????????????????? ??????? | | ???????????????? ???????????? | | ????????????????? ??????????????? | | ????????????????? ??????????????? | | ???????????????? ?????????????? | | ???????????????? ? ##??????????????? | | ????????????????? ? ????#???????????????? | | ??????????????????? ???? ??????????????????????? | | ?????????????????????????????????????????????????? | | ?????????????????????????????????????????????????? | | ?????????????????????????????????????????????????? | | | | | | | | | | | | | | | | | | | | | +----------------------------------------------------+ Best States ------------- Heat Dissipation 34 Energy Generation 15 Energy Capacity 170 Matter Stores 300 Matter Capacity 300 Sight Range 16 Terrain Scan Density 10 Armor Coverage 375 Evasion (%) 70 Recoil Reduction 2 Item Schematics ----------------- Mak. Transmission Jammer | -7/Zion | Archive Mak. Armor Plating | -7/Zion | Archive Hvy. Rocket Launcher | -7/Zion | Archive Mak. Spear | -7/Zion | Archive Mak. Hover Unit | -7/Zion | Archive Mak. Hacking Suite | -7/Zion | Archive Imp. Transmission Jammer | -7/Zion | Archive Adv. Shield Generator | -7/Zion | Archive Remote Datajack | -7/Zion | Archive Lrn. Missile Launcher | -7/Zion | Archive Fission Core | -7/Zion | Archive Imp. Medium Armor Plating | -7/Zion | Archive Mak. Cloaking Device | -7/Zion | Archive System Guard | -7/Zion | Archive Arm. Huge Wheel | -7/Zion | Archive Robot Schematics ------------------ A-02 Transporter | -7/Zion | Archive R-06 Scavenger | -7/Zion | Archive L-41 Fighter | -7/Zion | Archive Fabricated ------------ Nothing Alien Tech Used ----------------- None Achievements -------------- None Challenges ------------ None Game ------ Seed QuantumUtilityShredder Manual? 0 Play Time 00:15:33 Cumulative 190.6 hours Start 2023.05.10 @ 22:28:39 End 2023.05.10 @ 22:42:25 Sessions 1 Manual Loads 0 Difficulty Rogue Special Mode None Game No. 545 Rogue 545 Adventurer 0 Explorer 0 Win Type - Total 9 Types 7/0/1/1/0/0/0/0/0 Lore% 77 Gallery% 76 Achievement% 68 Wizard Run 0 Options --------- ASCII 0 Keyboard 0 Movement Numpad Keybinds 0 Fullscreen 1 Font 16/SmallcapsGlow Map View 75x55 Tactical HUD 1 Map Filters NONE Filters NONE Steam 1 RUN: b49b649d-cbce-48b4-81a4-73261514900d